 Dungeon Crawl Stone Soup version 0.23.2-33-g5129a83184 (webtiles) character file.

Game seed: 4864181607895635124

18097 FishyPogo the Fighter (level 12, -4/80 HPs)
             Began as a Gargoyle Monk on Aug 3, 2019.
             Was a High Priest of Dithmenos.
             Slain by a meliai
             ... wielding a +0 war axe
              (6 damage)
             ... on level 13 of the Dungeon.
             The game lasted 02:13:36 (17894 turns).

FishyPogo the Fighter (Gargoyle Monk)              Turns: 17894, Time: 02:13:37

Health: -4/80      AC: 29    Str: 22 (23) XL:     12   Next: 54%
Magic:  15/15      EV:  9    Int:  8 (10) God:    Dithmenos [*****.]
Gold:   989        SH:  6    Dex: 12      Spells: 7/11 levels left

rFire    . . .     SeeInvis +   a - +3 war axe
rCold    . . .     Gourm    .   g - +1 buckler of the Nightingale {rPois Stlth+}
rNeg     + . .     Faith    +   v - +3 chain mail {MR+}
rPois    ∞         Spirit   .   E - +1 helmet {SInv}
rElec    +         Reflect  .   f - scarf {repulsion}
rCorr    .         Harm     .   t - +0 pair of gloves
MR       +....                  y - +0 pair of boots {Fly}
Stlth    +.........             q - amulet of faith
HPRegen  0.23/turn              L - +2 ring of strength
MPRegen  0.14/turn              z - ring of attention (curse)

@: flying, hasted, wreathed by umbra, repel missiles, very quick
A: negative energy resistance 1, electricity resistance, unbreathing,
petrification resistance, rot immunity, AC +8
a: Shadow Step, Shadow Form, Renounce Religion, Stop Flying


You were on level 13 of the Dungeon.
You worshipped Dithmenos.
Dithmenos was extremely pleased with you.
You were very hungry.

You visited 1 branch of the dungeon, and saw 13 of its levels.

You collected 1087 gold pieces.
You spent 98 gold pieces at shops.

Inventory:

Hand Weapons
 a - a +3 war axe (weapon)
 b - a +2 whip of flaming
Missiles
 e - 399 stones (quivered)
 J - 9 tomahawks
Armour
 f - a scarf of repulsion (worn)
 g - the +1 buckler of the Nightingale (worn) {rPois Stlth+}
   (You found it on level 11 of the Dungeon)

   It protects you from poison.
   It makes you more stealthy.
 t - a +0 pair of gloves (worn)
 v - a +3 chain mail of magic resistance (worn)
 y - a +0 pair of boots of flying (worn)
 C - the +0 robe of the Constellations {rC++ Int+2 Dex-3}
   (You found it on level 3 of the Dungeon)

   It affects your intelligence (+2).
   It affects your dexterity (-3).
   It greatly protects you from cold.
 E - a +1 helmet of see invisible (worn)
 V - a scarf of resistance
Jewellery
 q - an amulet of faith (around neck)
 z - a cursed ring of attention (right hand)
 K - an uncursed amulet of the acrobat
 L - a +2 ring of strength (left hand)
 Q - an uncursed ring of positive energy
Scrolls
 d - 4 scrolls of amnesia
 h - 4 scrolls of teleportation
 n - 4 scrolls of remove curse
 o - 4 scrolls of magic mapping
 s - 7 scrolls of identify
 w - 2 scrolls of noise {unknown}
 A - 3 scrolls of enchant weapon {unknown}
 B - a scroll of acquirement {unknown}
 I - 4 scrolls of blinking {unknown}
 M - 4 scrolls of enchant armour
 N - 3 scrolls of immolation {unknown}
 U - a scroll of fear {unknown}
 W - a scroll of silence {unknown}
Potions
 i - a potion of invisibility
 j - a potion of agility
 k - 2 potions of lignification
 l - 6 potions of curing
 m - 2 potions of flight
 r - 2 potions of resistance
 u - 3 potions of ambrosia
 D - a potion of brilliance
Miscellaneous
 R - a box of beasts
Comestibles
 c - 36 rations


   Skills:
 * Level 11.4 Fighting
 * Level 8.8(9.3) Axes
 - Level 5.0(8.0) Maces & Flails
   Level 0.0 Bows
 - Level 3.0 Throwing
 * Level 10.9 Armour
 - Level 3.0 Dodging
 + Level 8.8 Stealth
 - Level 5.0 Shields
 - Level 4.0 Invocations


You had 7 spell levels left.
You knew the following spells:

 Your Spells              Type           Power        Failure   Level  Hunger
a - Petrify               Tmut/Erth      #.......     100%        4    #####..

Your spell library contained the following spells:

 Spells                   Type           Power        Failure   Level  Hunger
 Confusing Touch          Hex            #.....       94%         1    ##.....
 Infusion                 Chrm           #...         94%         1    ##.....
 Shroud of Golubria       Chrm/Tloc      #.........   98%         2    ###....
 Song of Slaying          Chrm           #.......     98%         2    ###....
 Confuse                  Hex            #.......     100%        3    ####...
 Gell's Gravitas          Tloc           #.........   100%        3    ####...
 Regeneration             Chrm/Necr      #.........   100%        3    ####...
 Spectral Weapon          Hex/Chrm       #.......     100%        3    ####...
 Static Discharge         Conj/Air       #.......     100%        3    ####...
 Bolt of Magma            Conj/Fire/Erth #.........   100%        5    ######.
 Borgnjor's Vile Clutch   Necr/Erth      #.........   100%        5    ######.
 Lightning Bolt           Conj/Air       #.........   100%        5    ######.
 Metabolic Englaciation   Hex/Ice        #.........   100%        5    ######.
 Yara's Violent Unravell  Hex/Tmut       #.........   100%        5    ######.
 Iron Shot                Conj/Erth      #.........   100%        6    #######
 Ignition                 Fire           #.........   100%        8    #######
 Shatter                  Erth           #.........   100%        9    #######
 Tornado                  Air            #.........   100%        9    #######


Dungeon Overview and Level Annotations

Branches:
Dungeon (13/15)            Temple (0/1) D:7            Lair (0/6) D:11
    Orc (0/2) D:9
 Vaults: D:13-14

Altars:
Cheibriados
Dithmenos
Elyvilon
Fedhas
Makhleb
Qazlal
Trog
Uskayaw
Zin

Shops:
D:5 *

Annotations:
D:12 exclusion: orange crystal statue
D:13 exclusions: catoblepas and 1 more exclusion


Innate Abilities, Weirdness & Mutations

You are resistant to torment.
Your stone body is resilient. (AC +8)
You are immune to poison.
You resist negative energy. (rN+)
You are resistant to electric shocks. (rElec)
You can survive without breathing.
You are immune to petrification.
You are immune to rotting.


Message History

You block the meliai's attack.
The meliai stings you but does no damage.
The meliai hits you but does no damage.
The meliai stings you but does no damage.
You feel much better.
The meliai invokes the aid of its god against you.
Something smites you!
* * * LOW HITPOINT WARNING * * *
You block the meliai's attack. The meliai closely misses you.
The meliai misses you.
The meliai stings you but does no damage.
You feel yourself speed up. The meliai hits you but does no damage.
The meliai stings you but does no damage.
The meliai completely misses you. You block the meliai's attack.
The meliai hits you but does no damage. The meliai closely misses you. x3
The meliai mumbles some strange prayers to its god against you.
Something smites you!
* * * LOW HITPOINT WARNING * * *
The meliai hits you but does no damage. The meliai stings you.
You die...

. ..[#########
...........#
...........#
.#######<..#
#....Y+...#
#.#.....+...#
#.#.....#@y.# .#...)
#.#.....#y..# .#....
#.#.....#y..# .#....
#.#######...# '5...
#...........# l..
#...........#
.#######...........#
.........#.###.....#
.......(.#.#
#........


You could see 3 meliai.

Vanquished Creatures
  Erolcha (D:11)
  A hydra (D:12)
  An ogre mage (D:10)
  3 two-headed ogres (D:10)
  Pikel (D:4)
  An elephant (D:11)
  2 centaur skeletons
  A komodo dragon (D:12)
  4 trolls
  Grinder (D:4)
  2 hippogriffs (D:11)
  Sigmund (D:4)
  A wyvern (D:8)
  15 yaks
  2 basilisks (D:11)
  A steam dragon (D:8)
  4 vampire mosquitoes (D:12)
  An acid dragon (D:12)
  3 ice beasts
  7 sky beasts
  5 orc warriors
  4 slaves (D:4)
  4 phantoms
  12 ogres
  12 centaurs
  A big kobold (D:9)
  4 bullfrogs
  4 scorpions
  24 killer bees
  5 wights (D:6)
  3 electric eels (D:11)
  2 howler monkeys
  12 crimson imps
  A quasit (D:6)
  A centaur zombie (D:7)
  9 orc priests
  8 hounds
  5 bullfrog zombies
  5 jellies
  16 orc wizards
  5 worker ants
  4 iguanas
  A hound zombie (D:3)
  A hound skeleton (D:9)
  A worker ant zombie (D:9)
  4 gnolls (D:2)
  10 adders
  2 shadow imps
  An ooze (D:4)
  An adder skeleton (D:4)
  An adder zombie (D:8)
  4 worms (D:2)
  3 dart slugs
  8 leopard geckos
  85 orcs
  A ball python (D:2)
  9 bats
  8 giant cockroaches
  11 goblins
  10 hobgoblins
  15 jackals
  6 quokkas
  A ball python skeleton (D:5)
  10 frilled lizards
  14 kobolds
  2 leopard gecko skeletons
  A leopard gecko zombie (D:6)
  2 quokka skeletons
  10 rats
421 creatures vanquished.

Vanquished Creatures (others)
  A fungus (D:11)
  A plant (D:11)
2 creatures vanquished.

Grand Total: 423 creatures vanquished

Notes
Turn   | Place    | Note
-------+----------+-------------------------------------------
     0 | D:1      | FishyPogo the Gargoyle Monk began the quest for the Orb.
     0 | D:1      | Reached XP level 1. HP: 14/14 MP: 1/1
   434 | D:1      | Reached XP level 2. HP: 19/19 MP: 2/2
  1345 | D:2      | Reached skill level 1 in Armour
  1345 | D:2      | Reached XP level 3. HP: 15/23 MP: 3/3
  1414 | D:2      | Reached skill level 1 in Shields
  1414 | D:2      | Reached XP level 4. HP: 14/29 MP: 4/4
  2104 | D:2      | Reached XP level 5. HP: 29/33 MP: 5/5
  2125 | D:2      | Reached skill level 4 in Fighting
  2465 | D:2      | Noticed a moth of wrath
  2467 | D:2      | Found a bloodstained altar of Trog.
  2521 | D:2      | HP: 1/33 [worm (7)]
  3194 | D:3      | Found a transporter.
  3211 | D:3      | Found a transporter.
  3453 | D:3      | Learned a level 4 spell: Petrify
  3656 | D:2      | Reached XP level 6. HP: 14/39 MP: 6/6
  4391 | D:3      | Got a smoking robe
  4729 | D:4      | Found a hide-covered altar of Uskayaw.
  4729 | D:4      | Noticed a +0 hand axe
  4729 | D:4      | Noticed a +0 dagger
  4873 | D:4      | Reached XP level 7. HP: 10/44 MP: 7/7
  5129 | D:4      | Reached skill level 1 in Axes
  5171 | D:3      | Reached skill level 5 in Fighting
  5415 | D:4      | Noticed Pikel
  5437 | D:4      | Killed Pikel
  5437 | D:4      | Reached skill level 5 in Stealth
  5437 | D:4      | Reached XP level 8. HP: 25/51 MP: 8/8
  5952 | D:4      | Noticed Grinder
  5984 | D:4      | Killed Grinder
  5984 | D:4      | Reached skill level 6 in Fighting
  6010 | D:4      | Noticed Sigmund
  6053 | D:4      | Killed Sigmund
  6104 | D:4      | Found a burning altar of Makhleb.
  6198 | D:5      | Entered Level 5 of the Dungeon
  6211 | D:5      | Reached skill level 5 in Armour
  6585 | D:5      | Reached XP level 9. HP: 28/56 MP: 9/9
  6679 | D:5      | Found a white marble altar of Elyvilon.
  7211 | D:5      | Found a glowing silver altar of Zin.
  7258 | D:5      | Found Xahesa's Assorted Antiques.
  7491 | D:5      | Bought a scroll labeled KOTOZU HECADGH for 20 gold pieces
  7491 | D:5      | Bought a scroll labeled WUOSATZ AXKUJ for 20 gold pieces
  7491 | D:5      | Bought a scroll labeled ORO ZISHYRO for 20 gold pieces
  7491 | D:5      | Bought a scroll labeled VIHUX CIATIEPHE for 20 gold pieces
  7491 | D:5      | Bought an inky potion for 18 gold pieces
  7502 | D:5      | Identified the cursed +0 robe of the Constellations {rC++
                  | Int+2 Dex-3} (You found it on level 3 of the Dungeon)
  7595 | D:6      | Reached skill level 7 in Fighting
  8048 | D:6      | Found a shadowy altar of Dithmenos.
  8056 | D:6      | Became a worshipper of Dithmenos the Shadowed
  8056 | D:6      | Reached * piety under Dithmenos
  8056 | D:6      | Reached ** piety under Dithmenos
  8302 | D:6      | Reached skill level 5 in Maces & Flails
  8302 | D:6      | Reached skill level 1 in Invocations
  9060 | D:7      | Found a staircase to the Ecumenical Temple.
  9212 | D:7      | Reached XP level 10. HP: 64/64 MP: 11/11
  9526 | D:7      | Reached skill level 5 in Axes
  9607 | D:7      | Reached skill level 8 in Fighting
 10707 | D:8      | Found a snail-covered altar of Cheibriados.
 10836 | D:8      | Found a blossoming altar of Fedhas.
 10905 | D:8      | Reached *** piety under Dithmenos
 11660 | D:9      | Reached **** piety under Dithmenos
 11835 | D:9      | Reached skill level 9 in Fighting
 11890 | D:9      | Reached ***** piety under Dithmenos
 11891 | D:9      | Found a staircase to the Orcish Mines.
 12103 | D:9      | Reached XP level 11. HP: 71/71 MP: 14/14
 12110 | D:9      | Reached skill level 5 in Shields
 12915 | D:9      | Found a stormy altar of Qazlal.
 13213 | D:10     | Entered Level 10 of the Dungeon
 13458 | D:10     | Noticed a two-headed ogre
 13468 | D:10     | Reached skill level 10 in Fighting
 13471 | D:10     | Noticed a two-headed ogre
 13471 | D:10     | Noticed an ogre mage
 13669 | D:10     | Noticed a two-headed ogre
 13995 | D:10     | Killed a two-headed ogre
 14574 | D:11     | Reached skill level 1 in Throwing
 14588 | D:11     | Noticed Erolcha
 15125 | D:11     | Found a staircase to the Lair.
 15267 | D:11     | Killed Erolcha
 15360 | D:11     | Got a transparent buckler
 15371 | D:11     | Identified the +1 buckler of the Nightingale {rPois Stlth+}
                  | (You found it on level 11 of the Dungeon)
 15457 | D:11     | Reached skill level 10 in Armour
 15937 | D:10     | Killed a two-headed ogre
 15937 | D:10     | Reached XP level 12. HP: 71/79 MP: 15/15
 16231 | D:10     | Killed a two-headed ogre
 16240 | D:10     | Killed an ogre mage
 16240 | D:10     | Reached skill level 11 in Fighting
 17189 | D:12     | Reached ****** piety under Dithmenos
 17319 | D:12     | Identified the Handbook of Earth
 17321 | D:12     | Noticed an eight-headed hydra
 17488 | D:12     | Killed an eight-headed hydra
 17781 | D:13     | Noticed a centaur warrior
 17856 | D:13     | Noticed a catoblepas
 17894 | D:13     | HP: 2/80 [meliai/divine providence (11)]
 17894 | D:13     | Slain by a meliai

Skill      XL: |  1  2  3  4  5  6  7  8  9 10 11 12 |
---------------+-------------------------------------+-----
Armour         | 1 2 3 4 5 6 8 10 | 10.9
Shields        | 1 2 3 4 5 |  5.0
Dodging        | 3 |  3.0
Stealth        | 3 4 5 6 7 8 |  8.8
Fighting       | 4 5 6 7 9 10 11 | 11.4
Axes           | 2 3 4 6 8 |  8.8
Maces & Flails | 4 5 |  5.0
Invocations    | 2 4 |  4.0
Throwing       | 2 3 |  3.0

Action                   |  1- 3 |  4- 6 |  7- 9 | 10-12 || total
-------------------------+-------+-------+-------+-------++-------
Melee: Mace              |    81 |    55 |       |       ||   136
       Flail             |       |   289 |    33 |       ||   322
       War axe           |       |    29 |   174 |   407 ||   610
       Whip              |       |       |   235 |   622 ||   857
Throw: Stone             |     5 |    52 |    41 |    72 ||   170
       Tomahawk          |       |       |     6 |    44 ||    50
Invok: Shadow Step       |       |       |     1 |     2 ||     3
       Shadow Form       |       |       |       |     1 ||     1
  Use: Scroll            |       |     1 |     5 |     5 ||    11
       Potion            |       |       |     1 |    12 ||    13
 Stab: Sleeping          |     1 |     5 |       |     5 ||    11
       Distracted        |       |       |       |     2 ||     2
  Eat: Chunk             |     1 |    12 |    15 |    28 ||    56
Armor: Leather armour    |    30 |    33 |       |       ||    63
       Chain mail        |       |   193 |   263 |   564 ||  1020
       Robe              |       |       |    20 |       ||    20
       Troll leather arm |       |       |       |    69 ||    69
Dodge: Dodged            |    50 |   163 |   190 |   583 ||   986
       Deflected         |     1 |       |     6 |    21 ||    28
Block: Buckler           |     2 |    71 |    96 |   252 ||   421
